Map: Blackpink LE

Players

fruitcake - Winner!

  • Race: Terran Terran
  • Spawn Location: 7:00

A.I. 1 (Medium)

  • Race: Protoss Protoss
  • Spawn Location: 1:00

VOD

Have the link to the VOD?

Description

Time

  • Played on: May 5, 2018, 12:37 p.m.
  • Length: 8:47
Show
View Real Time Build Order
Export as new Build Order

fruitcake Terran - Winner!

Build Orders:  

Get SALT Encoding   

  12  0:01  SCV  
  13  0:14  Supply Depot  
  13  0:18  SCV  
  14  0:30  SCV  
  15  0:45  Barracks  
  15  0:46  SCV  
  16  0:52  Refinery  
  16  0:58  SCV  
  17  1:10  SCV  
  19  1:32  SCV  
  19  1:34  Marine  
  20  1:44  Command Center  
  20  1:45  SCV  
  21  1:51  Supply Depot  
  21  1:52  Marine  
  22  1:57  SCV  
  23  2:13  SCV  
  24  2:19  Barracks Reactor  
  24  2:25  Engineering Bay  
  24  2:26  SCV  
  25  2:42  Barracks  
  25  2:48  Barracks  
  25  2:58  SCV  
  27  3:02  Orbital Command  
  27  3:03  Terran Infantry Weapons Level 1  
  26  3:09  Marine x2  
  26  3:10  SCV  
  29  3:22  SCV  
  29  3:24  Supply Depot  
  30  3:31  Barracks  
  30  3:32  Barracks Tech Lab  
  30  3:34  Marine x2, SCV  
  33  3:45  SCV  
  33  3:47  SCV, Supply Depot  
  35  3:51  Marine  
  35  3:52  Marine  
  35  3:53  Marine  
  38  3:56  Stimpack  
  38  3:58  SCV  
  38  3:59  SCV  
  40  4:10  Marine x2  
  40  4:11  SCV  
  40  4:15  SCV  
  44  4:20  Refinery  
  44  4:23  SCV  
  45  4:29  Marine x3, Barracks Reactor  
  48  4:35  SCV  
  49  4:47  Marine x3, SCV  
  53  4:59  SCV  
  54  5:04  Marine  
  54  5:05  Marine x4  
  59  5:13  Supply Depot  
  59  5:22  Marine x3, Terran Infantry Armor Level 1  
  62  5:32  Supply Depot  
  62  5:34  Marine x2  
  64  5:35  Supply Depot  
  64  5:40  Marine x3  
  67  5:52  Marine x2  
  68  5:58  Marine x3  
  69  6:10  Marine x2  
  70  6:16  Marine x3  
  69  6:28  Marine, Marauder  
  69  6:42  Marine x3  
  69  6:46  Marine  
  73  6:50  Marauder  
  73  6:54  SCV  
  76  6:58  SCV  
  76  6:59  Marine  
  78  7:06  SCV  
  78  7:07  Marine x2  
  78  7:08  Marine  
  82  7:10  SCV  
  82  7:11  Marauder  
  85  7:17  Marine  
  86  7:27  Marine  
  86  7:28  Marine  
  86  7:29  Marine  
  86  7:30  SCV  
  86  7:33  Marauder  
  79  7:38  Marine  
  79  7:45  Marine  
  79  7:46  Marine  
  79  7:47  Marine  
  80  7:54  Marauder  
  80  7:55  Marine  
  75  8:03  Marine  
  74  8:07  Marine x2  
  76  8:13  Marine  
  76  8:15  Marauder  
  76  8:16  SCV  
  80  8:21  Marine  
  80  8:25  Marine x2  
  82  8:28  SCV  
Show
View Real Time Build Order
Export as new Build Order

A.I. 1 (Medium) Protoss 

Build Orders:  

Get SALT Encoding   

  12  0:00  Probe  
  13  0:13  Probe  
  14  0:20  Pylon  
  14  0:25  Probe  
  15  0:34  Probe  
  15  0:42  Probe  
  16  0:48  Assimilator  
  17  0:51  Gateway, Probe  
  18  0:58  Pylon  
  18  1:27  Gateway  
  18  1:31  Assimilator  
  18  1:39  Zealot, Cybernetics Core  
  20  1:58  Zealot  
  20  2:03  Pylon  
  22  2:15  Warp Gate  
  22  2:16  Stalker  
  24  2:29  Probe  
  25  2:30  Adept  
  27  2:41  Probe  
  28  2:46  Zealot  
  28  2:48  Pylon  
  30  2:53  Probe  
  30  2:57  Stalker  
  33  3:01  Probe  
  33  3:04  Forge  
  34  3:09  Probe  
  35  3:20  Probe  
  36  5:12  Sentry  
  36  5:13  Probe  
  39  5:14  Photon Cannon  
  39  5:17  Photon Cannon  
  39  5:22  Pylon  
  39  5:25  Robotics Facility  
  39  5:26  Stalker  
  39  5:27  Stargate  
  41  5:29  Twilight Council  
  41  5:31  Forge  
  41  5:35  Gateway  
  41  5:38  Stalker  
  41  5:40  Probe  
  44  5:44  Pylon  
  44  5:51  Sentry  
  46  6:04  Sentry  
  46  6:06  Observer  
  48  6:17  Adept  
  51  6:23  Nexus  
  51  6:24  Observer  
  52  6:33  Adept  
  42  6:46  Stalker  
  44  6:59  Stalker  
  46  7:12  Zealot  
  48  7:25  Zealot  
  48  7:32  Probe  
  35  7:38  Zealot  
  35  7:39  Probe  
  35  7:40  Probe  
  30  7:51  Adept, Probe x2  
  24  8:04  Sentry  
  26  8:11  Probe  
  20  8:17  Sentry  
  20  8:19  Probe  
  17  8:29  Probe  
  17  8:30  Sentry  
  8  8:42  Stalker  
Tags
 
Add a new tag
Caveats
  • Supply blocks, unpowered buildings, or Contaminate may cause inaccurate times.
  • Supply counts are checked every 10 seconds.